 Dungeon Crawl Stone Soup version 0.30-a0-760-g5a9884bb7c (webtiles) character file.

Game seed: 9288445667071007946

9639 barkas the Cleaver (level 11, -5/89 HPs)
             Began as a Demonspawn Reaver on Feb 11, 2023.
             Was an Elder of Makhleb.
             Slain by a demonic crawler (14 damage)
             ... on level 10 of the Dungeon.
             The game lasted 00:18:29 (12333 turns).

barkas the Cleaver (Demonspawn Reaver)             Turns: 12333, Time: 00:18:29

Health: -5/89      AC: 21    Str: 18    XL:     11   Next: 25%
Magic:  28/28      EV:  8    Int: 15    God:    Makhleb [****..]
Gold:   678        SH:  0    Dex: 12    Spells: 13/14 levels left

rFire   . . .      SeeInvis +    a - +0 war axe (elec)
rCold   + . .      Faith    .    (no shield)
rNeg    . . .      Spirit   .    K - +9 plate armour of the Tormentor {-Cast Harm Str+2}
rPois   .          Reflect  .    (helmet unavailable)
rElec   .          Harm     +    (no cloak)
rCorr   .          Rampage  .    p - +1 pair of gloves
Will    .....      NoCast   +    (no boots) Stlth
                                 (no amulet)
HPRegen 0.34/turn                s - ring of magical power
MPRegen 0.21/turn                G - ring of protection from cold

@: slowed, very slow
A: antennae 3, repulsion field 2, augmentation 1
a: Renounce Religion, Minor Destruction, Lesser Servant of Makhleb, Major
Destruction


You were on level 10 of the Dungeon.
You worshipped Makhleb.
Makhleb was greatly pleased with you.
You visited 2 branches of the dungeon, and saw 11 of its levels.
You also visited: Bailey.

You collected 795 gold pieces.
You spent 117 gold pieces at shops.

Inventory:

Hand Weapons
 a - a +0 war axe of electrocution (weapon)
 b - a +2 hand axe of venom
 C - a +0 broad axe
 D - a +3 glaive of venom
 H - a +0 broad axe
 I - a +0 broad axe
Missiles
 L - a throwing net
Armour
 d - a +0 leather armour
 l - a +2 ring mail of cold resistance
 p - a +1 pair of gloves (worn)
 y - +0 acid dragon scales
 A - +0 steam dragon scales
 K - the +9 plate armour of the Tormentor (worn) {-Cast Harm Str+2}
   (You found it in a bailey)

   Str:       It affects your strength (+2).
   -Cast:     It prevents spellcasting.
   Harm:      It increases damage dealt and taken.
Jewellery
 s - a ring of magical power (left hand)
 G - a ring of protection from cold (right hand)
Wands
 r - a wand of flame (45)
Scrolls
 i - 5 scrolls of enchant weapon
 n - 2 scrolls of fog {unknown}
 o - a scroll of identify
 t - a scroll of immolation {unknown}
 u - 2 scrolls of vulnerability {unknown}
 v - 6 scrolls of teleportation
 x - a scroll of magic mapping
 B - a scroll of silence {unknown}
 E - 2 scrolls of enchant armour {unknown}
 F - a scroll of brand weapon {unknown}
 J - a scroll of acquirement
Potions
 c - 2 potions of resistance
 e - 3 potions of curing
 f - 2 potions of flight
 g - 2 potions of might
 h - 2 potions of ambrosia
 j - 4 potions of brilliance
 k - 2 potions of mutation
 m - 4 potions of lignification
 q - a potion of berserk rage {unknown}
 w - a potion of heal wounds
 z - a potion of haste


   Skills:
 + Level 9.3 Fighting
 * Level 12.0 Axes
 - Level 1.7 Dodging
 - Level 2.0 Spellcasting
 - Level 3.0 Conjurations
 * Level 10.9 Invocations


You had 13 spell levels left.
You knew the following spells:

 Your Spells              Type           Power      Damage    Failure   Level
a - Kiss of Death         Conj/Necr      24%        2d7       100%        1

Your spell library contained the following spells:

 Spells                   Type           Power      Damage    Failure   Level
 Apportation              Tloc           2%         N/A       100%        1
 Necrotise                Necr           4%         1d4       100%        1
 Summon Small Mammal      Summ           4%         N/A       100%        1
 Blink                    Tloc           2%         N/A       100%        2
 Lesser Beckoning         Tloc           2%         N/A       100%        2
 Momentum Strike          Conj/Tloc      12%        3d8       100%        2
 Sublimation of Blood     Necr           1%         N/A       100%        2
 Dazzling Flash           Conj/Hex       12%        N/A       100%        3
 Hailstorm                Conj/Ice       6%         3d4       100%        3
 Inner Flame              Hex/Fire       1%         N/A       100%        3
 Ozocubu's Armour         Ice            1%         N/A       100%        3
 Portal Projectile        Hex/Tloc       2%         N/A       100%        3
 Tukima's Dance           Hex            1%         N/A       100%        3
 Flame Wave               Conj/Fire      6%         2d5       100%        4
 Petrify                  Tmut/Erth      1%         N/A       100%        4
 Sticky Flame             Conj/Fire      6%         2d3       100%        4
 Agony                    Necr           1%         N/A       100%        5
 Alistair's Intoxication  Tmut/Pois      0%         N/A       100%        5
 Blade Hands              Tmut           0%         N/A       100%        5
 Irradiate                Conj/Tmut      3%         3d12      100%        5
 Silence                  Hex/Air        0%         N/A       100%        5
 Ozocubu's Refrigeration  Ice            0%         4d7       100%        7


Dungeon Overview and Level Annotations

Branches:
Dungeon (10/15)            Temple (1/1) D:4            Lair (0/5) D:9
 Bailey (visited)
    Orc: D:9-12

Altars:
Ashenzari
Cheibriados
Dithmenos
Fedhas
Gozag
Hepliaklqana
Kikubaaqudgha
Makhleb
Nemelex Xobeh
Okawaru
Qazlal
Ru
Sif Muna
Trog
Uskayaw
Wu Jian
Xom
Yredelemnul

Shops:
D:5 (   D:7 !   D:8 *

Annotations:
D:8 1 runed translucent door, voltaire321's ghost, novice OpBr


Innate Abilities, Weirdness & Mutations

You have a pair of large antennae on your head. (SInv)
You are surrounded by a moderate repulsion field. (EV +3)
Your magical and physical power is slightly enhanced at high health.


Message History

The demonic crawler is lightly wounded.
You barely miss the swamp worm. The demonic crawler hits you!
The demonic crawler hits you. The demonic crawler closely misses you.
The swamp worm bites you.
The demonic crawler hits you but does no damage. x2
The demonic crawler hits you!
* * * LOW HITPOINT WARNING * * *
You feel much better.
The swamp worm bites you but does no damage.
The demonic crawler hits you.
The demonic crawler hits you but does no damage.
The demonic crawler hits you.
The swamp worm bites you but does no damage.
The demonic crawler hits you but does no damage. x2
The demonic crawler hits you!
* * * LOW HITPOINT WARNING * * *
A demon appears!
You can no longer summon a greater servant of Makhleb.
The swamp worm closely misses you.
The demonic crawler hits you but does no damage.
The demonic crawler hits you.
* * * LOW HITPOINT WARNING * * *
The demonic crawler hits you but does no damage.
The swamp worm bites you.
* * * LOW HITPOINT WARNING * * *
The demonic crawler hits you but does no damage.
The demonic crawler closely misses you. The demonic crawler hits you.
* * * LOW HITPOINT WARNING * * *
You feel much better.
The swamp worm bites you but does no damage.
The demonic crawler hits you!
The demonic crawler hits you but does no damage.
The demonic crawler hits you!
* * * LOW HITPOINT WARNING * * *
The swamp worm bites you but does no damage.
The demonic crawler hits you.
* * * LOW HITPOINT WARNING * * *
The demonic crawler hits you but does no damage.
The demonic crawler hits you!
You die...

~~~# ##~ #ā‰ˆ~## ~~
#~~. ~ #~(
##ā‰ˆ~############ ~~
#~~ #~~~...........#
.~~##~##~~.##########.#
#.~ā‰ˆP~Pā‰ˆ~#.# #.#
..~~~~~s~#.# #.#
.#.~~~~w@#.# #.#
#.##$.#3#.# #.# .
#..#.#.# #.# ......#.#
#.# .......#.# #.#
#.......# #.#
........># #.#
##.#.....# #.# #.#


You could see a demonic crawler, a swamp worm (ally target) and a friendly
ynoxinul (summoned).

Vanquished Creatures
  2 two-headed ogres
  An orc high priest (Bailey)
  An orc sorcerer (Bailey)
  Prince Ribbit (D:6)
  A wraith (D:10)
  2 wyverns
  10 yaks
  Eustachio (D:6)
  2 steam dragons
  2 wargs (D:9)
  An acid dragon (D:6)
  14 orc warriors
  An ice beast (D:6)
  A black bear (D:6)
  A sky beast (D:7)
  4 ogres
  A centaur (D:8)
  3 kobold brigands (D:9)
  A bullfrog (D:9)
  Blork the orc (D:6)
  2 necrophages (D:6)
  7 scorpions
  11 killer bees
  4 electric eels (Bailey)
  2 centaur zombies (D:8)
  2 jellies (D:6)
  7 orc priests
  3 hounds
  Ijyb (D:3)
  Terence (D:2)
  An iguana (D:4)
  9 orc wizards
  19 gnolls
  10 adders
  A shadow imp (D:6)
  4 white imps
  An ufetubus (D:6)
  A worm (D:3)
  2 dart slugs
  37 orcs
  6 endoplasms
  2 giant cockroaches
  44 goblins
  34 hobgoblins
  17 kobolds
  3 quokkas
  2 ball pythons
  5 bats
  2 frilled lizards (D:1)
  A rat (D:2)
292 creatures vanquished.

Vanquished Creatures (others)
  3 plants
3 creatures vanquished.

Grand Total: 295 creatures vanquished

Notes
Turn   | Place    | Note
-------+----------+-------------------------------------------
     0 | D:1      | barkas the Demonspawn Reaver began the quest for the Orb.
     0 | D:1      | Reached XP level 1. HP: 16/16 MP: 3/3
    77 | D:1      | Reached skill level 3 in Axes
   182 | D:1      | Gained mutation: You have a pair of small antennae on your
                  | head. [demonic ancestry]
   182 | D:1      | Reached XP level 2. HP: 22/22 MP: 5/5
   726 | D:2      | Noticed Terence
   740 | D:2      | Killed Terence
   741 | D:2      | Gained mutation: You have a pair of antennae on your head.
                  | [demonic ancestry]
   741 | D:2      | Reached XP level 3. HP: 25/28 MP: 6/6
  1264 | D:2      | Reached skill level 4 in Axes
  1312 | D:2      | Gained mutation: You have a pair of large antennae on your
                  | head. (SInv) [demonic ancestry]
  1312 | D:2      | Reached XP level 4. HP: 34/34 MP: 7/7
  1748 | D:3      | Identified the +0 robe "Xashur" {Int+2 Dex+3 SInv}
  1860 | D:3      | Noticed Ijyb
  1867 | D:3      | Killed Ijyb
  2551 | D:4      | Found a staircase to the Ecumenical Temple.
  2580 | D:4      | Noticed a scorpion
  2585 | D:4      | Killed a scorpion
  2586 | D:4      | Gained mutation: You are surrounded by a mild repulsion
                  | field. (EV +2) [demonic ancestry]
  2586 | D:4      | Reached XP level 5. HP: 8/23 MP: 4/8
  2685 | D:4      | Reached skill level 5 in Axes
  2745 | D:4      | Noticed an ogre
  2823 | D:4      | Noticed an ogre
  3031 | D:4      | Killed an ogre
  3032 | D:4      | Gained mutation: You are surrounded by a moderate repulsion
                  | field. (EV +3) [demonic ancestry]
  3032 | D:4      | Reached XP level 6. HP: 11/42 MP: 9/9
  3193 | Temple   | Entered the Ecumenical Temple
  3299 | Temple   | Became a worshipper of Makhleb the Destroyer
  3553 | D:4      | Noticed an orc warrior
  3791 | D:3      | Reached skill level 6 in Axes
  3814 | D:3      | Reached * piety under Makhleb
  4037 | D:3      | Reached XP level 7. HP: 32/55 MP: 10/10
  4298 | D:3      | Reached ** piety under Makhleb
  4629 | D:4      | Found a broken altar of Ashenzari.
  4730 | D:4      | Reached skill level 5 in Fighting
  4925 | D:4      | Found a shimmering altar of Xom.
  4995 | D:5      | Entered Level 5 of the Dungeon
  5005 | D:5      | Reached skill level 7 in Axes
  5023 | D:5      | Found a sparkling altar of Nemelex Xobeh.
  5052 | D:5      | Found Fomat's Weapon Boutique.
  5237 | D:5      | Bought a +0 war axe of electrocution for 117 gold pieces
  5256 | D:5      | Gained mutation: Your magical and physical power is
                  | slightly enhanced at high health. [demonic ancestry]
  5256 | D:5      | Reached XP level 8. HP: 37/56 MP: 11/11
  5709 | D:5      | Found a bloodstained altar of Trog.
  5940 | D:6      | Reached *** piety under Makhleb
  5946 | D:6      | Reached skill level 8 in Axes
  6083 | D:6      | Noticed Eustachio
  6090 | D:6      | Killed Eustachio
  6475 | D:6      | Noticed Blork the orc
  6485 | D:6      | Killed Blork the orc
  6779 | D:6      | Reached skill level 9 in Axes
  6788 | D:6      | Reached XP level 9. HP: 60/72 MP: 12/12
  6849 | D:6      | Noticed Prince Ribbit
  7056 | D:6      | Reached skill level 1 in Invocations
  7061 | D:6      | Killed Prince Ribbit
  7692 | D:7      | Reached skill level 10 in Axes
  7978 | D:7      | Found His Baji's Distillery.
  8000 | D:7      | Found an ornate altar of the Wu Jian Council.
  8116 | D:7      | Found a shadowy altar of Dithmenos.
  8117 | D:7      | Found a hazy altar of Hepliaklqana.
  8457 | D:8      | Found Quschin's Assorted Antiques.
  8802 | D:8      | Reached skill level 5 in Invocations
  8809 | D:8      | Found a basalt altar of Yredelemnul.
  8827 | D:8      | Found a runed translucent door.
  8942 | D:8      | Noticed voltaire321's ghost (novice OpBr)
  9007 | D:8      | Found a sacrificial altar of Ru.
  9229 | D:8      | Found an opulent altar of Gozag.
  9258 | D:8      | Found a blossoming altar of Fedhas.
  9389 | D:9      | Found a flagged portal.
  9391 | D:9      | Noticed a two-headed ogre
  9392 | D:9      | Noticed a two-headed ogre
  9411 | D:8      | Killed a two-headed ogre
  9412 | D:8      | Reached XP level 10. HP: 48/80 MP: 14/14
  9516 | D:9      | Killed a two-headed ogre
  9676 | Bailey   | Entered a bailey
  9808 | Bailey   | Reached **** piety under Makhleb
 10050 | Bailey   | Reached skill level 11 in Axes
 10227 | Bailey   | Found an iron altar of Okawaru.
 10228 | Bailey   | Noticed an orc sorcerer
 10253 | Bailey   | HP: 1/67 [hellwing[an orc sorcerer] (5)]
 10254 | Bailey   | Killed an orc sorcerer
 10604 | Bailey   | Noticed an orc high priest
 10606 | Bailey   | Noticed a rust devil
 10652 | Bailey   | Killed an orc high priest
 10890 | Bailey   | Identified the +9 plate armour of the Tormentor {-Cast Harm
                  | Str+2}
 11317 | D:9      | Found a staircase to the Lair.
 11356 | D:9      | Reached skill level 10 in Invocations
 11513 | D:9      | Reached XP level 11. HP: 75/89 MP: 18/18
 11600 | D:9      | Found a stormy altar of Qazlal.
 11754 | D:9      | Found a shimmering blue altar of Sif Muna.
 11982 | D:9      | Reached ***** piety under Makhleb
 12038 | D:10     | Entered Level 10 of the Dungeon
 12106 | D:10     | Reached skill level 12 in Axes
 12332 | D:10     | HP: 4/89 [demonic crawler (7)]
 12333 | D:10     | Slain by a demonic crawler

Illustrated notes

Levels and vault maps discovered:
D:1:      scummos_arrival_simple_fountains, layout_rooms
D:2:      minmay_inner_zag, layout_basic, uniq_terence
D:3:      minmay_goblin_kobold_castle, layout_basic, uniq_ijyb
D:4:      layout_loops_ring, lemuel_round_altar, cheibrodos_ashenzari_chains,
          minmay_temple_entry_fiery
D:5:      layout_basic, mainiacjoe_overflow_surrounded_room,
          general_overflow_altar, serial_shops, shop,
          corexii_item_surrounded_by_moat, minmay_tree_intersection
D:6:      minmay_diamond_boxcup, layout_basic, lightli_orcish_oven,
          uniq_prince_ribbit1, uniq_eustachio, uniq_blork_the_orc
D:7:      layout_basic, riverfiend_overflow_shadow_ancestor,
          mainiacjoe_overflow_paths, lemuel_tele_altar, nicolae_stop_n_shop_2
D:8:      layout_basic, amcnicky_altar_gilded, lemuel_zombie_altar_yredelemnul,
          mainiacjoe_overflow_alcove_1, mainiacjoe_overflow_alcove_4,
          ebering_ghost_reflecting_pool, serial_shops, nicolae_take_the_stairs,
          nrook_campfire
D:9:      layout_roguey, mainiacjoe_overflow_concentric_impassable,
          led_sif_pool, erik_lair_orcish_takeover, enter_bailey_5
D:10:     layout_basic, mainiacjoe_overflow_tiny_flanked, worms_lemuel
Temple:   hellmonk_temple_beads

Skill      XL: |  1  2  3  4  5  6  7  8  9 10 11 |
---------------+----------------------------------+-----
Axes           | 3 4 5 6 7 9 10 11 12 | 12.0
Fighting       | 3 4 5 7 8 9 |  9.3
Invocations    | 6 10 | 10.9
Dodging        | |  1.7
Spellcasting   | |  2.0
Conjurations   | |  3.0

Action                     |  1- 3 |  4- 6 |  7- 9 | 10-12 || total
---------------------------+-------+-------+-------+-------++-------
  Melee: Short sword       |    84 |   135 |    31 |       ||   250
         Hand axe          |    11 |    37 |    90 |       ||   138
         Punch             |     2 |     3 |    10 |     4 ||    19
         War axe           |       |       |   221 |   238 ||   459
   Cast: Kiss of Death     |     1 |     6 |     4 |     1 ||    12
 Invoke: Lesser Servant of |       |       |       |     2 ||     2
  Evoke: Wand              |       |     9 |    15 |    10 ||    34
    Use: Scroll            |       |     8 |     7 |     3 ||    18
         Potion            |       |       |     2 |     3 ||     5
   Stab: Sleeping          |     1 |       |       |       ||     1
 Armour: Leather armour    |    17 |       |       |       ||    17
         Ring mail         |    20 |    82 |   134 |    20 ||   256
         Plate armour      |       |       |       |   109 ||   109
  Dodge: Dodged            |    51 |   136 |   274 |   136 ||   597

Table legend: (Time is in decaauts)
 A = Elapsed time spent in this place.
 B = Non-inter-level travel time spent in this place.
 C = Inter-level travel time spent in this place.
 D = Time resting spent in this place.
 E = Time spent auto-exploring this place.
 F = Levels seen in this place.
 G = Mean time per level.
                   A        B        C        D        E       F      G
               +--------+--------+--------+--------+--------+-----+--------+
         Total |  12371 |  11900 |    471 |   2294 |   6825 |  12 | 1030.9 |
       Dungeon |  10847 |  10403 |    444 |   1665 |   6531 |  10 | 1084.7 |
        Temple |    125 |     98 |     27 |      0 |     89 |   1 |  125.0 |
        Bailey |   1398 |   1398 |      0 |    629 |    204 |   1 | 1398.0 |
               +--------+--------+--------+--------+--------+-----+--------+

Top non-repeatable levels by time:
     D:3: 2063 daAuts
     D:6: 1554 daAuts
  Bailey: 1398 daAuts
     D:4: 1291 daAuts
     D:9: 1150 daAuts
     D:8: 1063 daAuts
     D:7: 1050 daAuts
     D:2: 1030 daAuts
     D:5: 782 daAuts
     D:1: 561 daAuts
    D:10: 299 daAuts
  Temple: 125 daAuts
